 Dungeon Crawl Stone Soup version 0.28.0-53-g5a82cb258f (webtiles) character file.

Game seed: 12388906988017763205

5149 Peloso the Carver (level 10, -1/90 HPs)
             Began as a Minotaur Fighter on June 18, 2022.
             Slain by a vault guard
             ... wielding a +0 broad axe
              (15 damage)
             ... in a bailey.
             The game lasted 00:16:29 (8657 turns).

Peloso the Carver (Minotaur Fighter)                Turns: 8657, Time: 00:16:29

Health: -1/90      AC: 16    Str: 23    XL:     10   Next: 33%
Magic:  9/9        EV:  9    Int:  5    God:
Gold:   284        SH:  5    Dex: 12    Spells: 9/9 levels left

rFire   . . .      SeeInvis .   a - +0 long sword
rCold   . . .      Faith    .   c - +0 buckler
rNeg    + . .      Spirit   .   o - +4 chain mail
rPois   .          Reflect  .   (helmet restricted)
rElec   .          Harm     .   q - +0 cloak
rCorr   .          Rampage  .   (no gloves)
Will    .....                   (no boots)
Stlth   ..........              (no amulet)
HPRegen 0.25/turn               e - ring of positive energy
MPRegen 0.11/turn               (no ring)

@: mighty
A: horns 2, retaliatory headbutt
a: no special abilities


You were in a bailey.
You visited 2 branches of the dungeon, and saw 10 of its levels.
You also visited: Bailey.

You collected 284 gold pieces.

Inventory:

Hand Weapons
 a - a +0 long sword (weapon)
Missiles
 w - 2 throwing nets (quivered)
Armour
 b - a +3 scale mail of poison resistance
 c - a +0 buckler (worn)
 o - a +4 chain mail (worn)
 q - a +0 cloak (worn)
Jewellery
 e - a ring of positive energy (left hand)
 i - a ring of ice
 u - an amulet of magic regeneration
Wands
 n - a wand of flame (14)
Scrolls
 j - 4 scrolls of noise
 k - 2 scrolls of acquirement
 m - a scroll of magic mapping
 p - a scroll of amnesia
 v - 4 scrolls of fear
 x - a scroll of enchant weapon
 y - 5 scrolls of teleportation {unknown}
 A - a scroll of fog {unknown}
 C - a scroll of enchant armour {unknown}
Potions
 d - 3 potions of mutation
 f - a potion of haste
 g - 3 potions of flight
 h - 2 potions of magic
 l - 2 potions of cancellation
 s - a potion of brilliance {unknown}
 t - 2 potions of curing {unknown}
 z - 2 potions of invisibility {unknown}
 B - a potion of berserk rage {unknown}


   Skills:
 + Level 8.9 Fighting
 + Level 12.4 Long Blades
 + Level 9.5 Armour
 + Level 3.8 Dodging
 + Level 0.6 Stealth
 + Level 6.2 Shields


You had 9 spell levels left.
You didn't know any spells.
Your spell library contained the following spells:

 Spells                   Type           Power      Damage    Failure   Level
 Magic Dart               Conj           0%         1d3       99%         1
 Sandblast                Erth           0%         2d4       99%         1
 Shock                    Conj/Air       0%         1d3       99%         1
 Passwall                 Tmut/Erth      0%         N/A       99%         2
 Searing Ray              Conj           0%         2d4       99%         2
 Portal Projectile        Hex/Tloc       0%         N/A       100%        3
 Stone Arrow              Conj/Erth      0%         3d7       100%        3
 Swiftness                Air            0%         N/A       100%        3
 Airstrike                Air            0%         N/A       100%        4
 Fulminant Prism          Conj/Hex       0%         3d6       100%        4
 Blade Hands              Tmut           0%         N/A       100%        5
 Excruciating Wounds      Necr           0%         N/A       100%        5


Dungeon Overview and Level Annotations

Branches:
Dungeon (9/15)             Temple (1/1) D:7            Lair (0/6) D:9
 Bailey (1/1)
    Orc: D:9-12

Altars:
Ashenzari
Cheibriados
Elyvilon
Fedhas
Gozag
Makhleb
Trog
Uskayaw
Vehumet
Wu Jian
Xom
Yredelemnul
Zin
The Shining One

Annotations:
D:6 2 transporters


Innate Abilities, Weirdness & Mutations

You have a pair of horns on your head.
You reflexively headbutt those who attack you in melee.


Message History

The vault guard hits you with a +0 broad axe!!
You closely miss the vault guard.
You hit the vault guard but do no damage.
You headbutt the vault guard, but do no damage.
The vault guard misses you.
You hit the vault guard.
The vault guard is lightly wounded.
The vault guard closely misses you.
You closely miss the vault guard.
You headbutt the vault guard, but do no damage.
The vault guard is lightly wounded.
The vault guard hits you with a +0 broad axe.
You closely miss the vault guard.
The vault guard is lightly wounded.
The vault guard hits you with a +0 broad axe!
You barely miss the vault guard.
The vault guard is lightly wounded.
You hit the vault guard but do no damage.
The vault guard is lightly wounded.
The vault guard hits you with a +0 broad axe.
You hit the vault guard.
The vault guard is lightly wounded.
The vault guard completely misses you. You furiously retaliate!
You headbutt the vault guard!
You hit the vault guard but do no damage.
The vault guard is moderately wounded.
The vault guard hits you with a +0 broad axe.
You barely miss the vault guard.
The vault guard is moderately wounded.
You hit the vault guard. Your headbutt misses the vault guard.
The vault guard is moderately wounded.
The vault guard hits you with a +0 broad axe!
* * * LOW HITPOINT WARNING * * *
You feel very mighty all of a sudden.
The vault guard hits you with a +0 broad axe!
* * * LOW HITPOINT WARNING * * *
You hit the vault guard.
The vault guard is moderately wounded.
The vault guard hits you with a +0 broad axe!
You die...

#.....# #.....#
#..∩..#
###.....###
##≈##.÷.##≈##
##≈≈≈##)##≈≈≈##
#≈≈≈.......≈≈≈#
##..........≈≈≈##
#@≈≈≈≈...≈..≈≈≈≈#
#p###≈≈..≈..≈≈≈≈#
#.. ##≈≈≈.≈.≈≈≈≈#
#≈.. #≈≈≈.≈.≈≈≈≈##
##≈..##≈≈...≈≈≈≈#.
≈..(#≈≈..≈≈≈≈##.
#≈.$#≈≈.≈≈≈≈≈#..
####≈≈.≈##≈##..
#≈≈..≈####...


You could see a vault guard.

Vanquished Creatures
  A vault guard (Bailey)
  Harold (D:9)
  Prince Ribbit (Bailey)
  A wyvern (D:9)
  5 humans (Bailey)
  Edmund (D:5)
  A black bear (D:5)
  A sky beast (D:6)
  3 ice beasts
  A necrophage (D:7)
  4 ogres
  A phantom (D:5)
  12 bullfrogs
  A scorpion (D:4)
  2 centaur zombies (D:5)
  2 bullfrog zombies
  2 hounds
  4 jellies
  A gnoll shaman (D:4)
  4 orc priests
  Ijyb (D:3)
  4 iguanas
  5 orc wizards
  A hound skeleton (D:5)
  Robin (D:2)
  A howler monkey skeleton (D:5)
  6 adders
  9 gnolls
  A white imp (D:7)
  An ufetubus (D:4)
  An adder skeleton (D:5)
  3 dart slugs (D:3)
  15 orcs
  2 ball pythons
  7 endoplasms
  4 giant cockroaches
  28 goblins
  7 hobgoblins
  3 quokkas
  2 bats
  2 frilled lizards
  4 kobolds
  2 rats
159 creatures vanquished.

Notes
Turn   | Place    | Note
-------+----------+-------------------------------------------
     0 | D:1      | Peloso the Minotaur Fighter began the quest for the Orb.
     0 | D:1      | Reached XP level 1. HP: 19/19 MP: 0/0
   619 | D:2      | Reached XP level 2. HP: 16/27 MP: 1/1
   885 | D:2      | Noticed Robin
   901 | D:2      | Reached skill level 3 in Long Blades
   904 | D:2      | Reached XP level 3. HP: 5/33 MP: 2/2
   907 | D:2      | Killed Robin
  1646 | D:3      | Noticed an ogre
  1653 | D:3      | Killed an ogre
  1654 | D:3      | Reached skill level 4 in Long Blades
  1654 | D:3      | Reached XP level 4. HP: 36/41 MP: 3/3
  1654 | D:3      | Reached XP level 5. HP: 41/47 MP: 4/4
  1806 | D:3      | Found a white marble altar of Elyvilon.
  1861 | D:3      | Noticed Ijyb
  1903 | D:3      | Killed Ijyb
  2430 | D:3      | Identified 2 scrolls of acquirement
  2541 | D:4      | Reached skill level 5 in Armour
  2553 | D:4      | Reached skill level 5 in Long Blades
  2790 | D:4      | Reached XP level 6. HP: 43/55 MP: 5/5
  2919 | D:4      | Reached skill level 1 in Dodging
  3553 | D:4      | Found a radiant altar of Vehumet.
  3920 | D:5      | Entered Level 5 of the Dungeon
  3963 | D:5      | Noticed an ice beast
  4006 | D:4      | Reached skill level 5 in Fighting
  4006 | D:4      | Reached skill level 6 in Long Blades
  4006 | D:4      | Reached XP level 7. HP: 41/61 MP: 6/6
  4246 | D:5      | Reached skill level 7 in Long Blades
  4523 | D:6      | Found a glowing silver altar of Zin.
  4536 | D:6      | Reached skill level 5 in Shields
  4591 | D:6      | Reached skill level 8 in Long Blades
  4697 | D:6      | Reached XP level 8. HP: 70/70 MP: 7/7
  4710 | D:6      | Found a transporter.
  4710 | D:6      | Noticed a kobold demonologist
  4718 | D:6      | Found a transporter.
  5039 | D:6      | Found an ornate altar of the Wu Jian Council.
  5110 | D:7      | Found a staircase to the Ecumenical Temple.
  5138 | Temple   | Entered the Ecumenical Temple
  5994 | D:7      | Found a blossoming altar of Fedhas.
  6043 | D:7      | Reached skill level 9 in Long Blades
  6450 | D:8      | Noticed a five-headed hydra
  6868 | D:5      | Reached XP level 9. HP: 74/78 MP: 8/8
  6992 | D:5      | Reached skill level 10 in Long Blades
  7219 | D:5      | Noticed Edmund
  7229 | D:5      | Killed Edmund
  7485 | D:9      | Found Wacarph's Weapon Boutique.
  7503 | D:9      | Noticed Harold
  7532 | D:9      | Killed Harold
  7533 | D:9      | Reached skill level 11 in Long Blades
  7553 | D:9      | Found a flagged portal.
  7562 | Bailey   | Entered a bailey
  8205 | Bailey   | Reached XP level 10. HP: 89/89 MP: 9/9
  8240 | Bailey   | Reached skill level 12 in Long Blades
  8372 | Bailey   | Noticed a vault guard
  8372 | Bailey   | Noticed Prince Ribbit
  8387 | Bailey   | Killed a vault guard
  8393 | Bailey   | Killed Prince Ribbit
  8635 | Bailey   | Noticed a vault guard
  8657 | Bailey   | Slain by a vault guard

Illustrated notes

Levels and vault maps discovered:
D:1:      sevenhm_arrival_forest_fort_small_3, layout_rooms, hex_tiny
D:2:      layout_loops_ring, uniq_robin
D:3:      kennysheep_the_goblin_king, layout_basic,
          nicolae_elyvilon_peaceful_grove, kennysheep_flooded_box,
          chequers_decorated_corner
D:4:      layout_loops_ring, mainiacjoe_overflow_alcove_2
D:5:      minmay_chambers_of_threes, layout_basic, minmay_misc_feat_alley,
          eino_tiny_chamber, uniq_edmund
D:6:      gammafunk_wand_slinger, layout_loops_cross, zin_academy,
          pdpol_wu_jian_five_deadly_venoms, chequers_serial_rivers_micro_c,
          abandoned_shop
D:7:      layout_loops_corners, fedhas_altar_4, temple_pool_b
D:8:      nicolae_cairo_tiling_large, layout_layer_cave,
          nicolae_overflow_crystal_walls, wad_dig_loot, uniq_erica
D:9:      minmay_klotski, layout_irregular_city, amcnicky_altar_gilded,
          nicolae_qazlal_eye_of_the_storm, chequers_temple_overflow_minitemple,
          enter_bailey_2, nicolae_stop_n_shop_2, uniq_harold
Temple:   compressed_dpeg_triangle_lava_temple
Bailey:   bailey_axe_froggy_fort_hellmonk, bailey

Skill      XL: |  1  2  3  4  5  6  7  8  9 10 |
---------------+-------------------------------+-----
Armour         | 4 5 6 7 9 |  9.5
Fighting       | 4 5 6 8 |  8.9
Long Blades    | 3 4 5 6 8 9 11 12 | 12.4
Shields        | 4 5 6 |  6.2
Dodging        | 1 2 3 |  3.8
Stealth        | |  0.6

Action                   |  1- 3 |  4- 6 |  7- 9 | 10-12 || total
-------------------------+-------+-------+-------+-------++-------
Melee: Long sword        |    61 |   139 |   308 |    70 ||   578
       Headbutt          |     7 |    27 |    62 |    17 ||   113
  Use: Potion            |     1 |       |       |     1 ||     2
       Scroll            |       |     9 |     5 |       ||    14
Armor: Scale mail        |    38 |    15 |       |       ||    53
       Chain mail        |       |    52 |   173 |    20 ||   245
Dodge: Dodged            |    27 |    40 |    86 |    21 ||   174
Block: Buckler           |    20 |    16 |    51 |    11 ||    98
